 Dungeon Crawl Stone Soup version 0.23-a0-582-g1b4a0ca (webtiles) character file.

57 Leeroy the Charmwright (level 4, 0/38 HPs)
             Began as a Gnoll Skald on Dec 16, 2018.
             Succumbed to Terence's poison
             ... on level 2 of the Dungeon.
             The game lasted 00:06:13 (953 turns).

Leeroy the Charmwright (Gnoll Skald)                 Turns: 953, Time: 00:06:13

Health: 0/38       AC:  3    Str: 13    XL:     4   Next: 0%
Magic:  4/11       EV: 14    Int: 15    God:
Gold:   51         SH:  0    Dex: 16    Spells: 2/13 levels left

rFire    . . .     SeeInvis .   a - +1 falchion
rCold    . . .     Gourm    .   (no shield)
rNeg     . . .     Faith    .   b - +0 leather armour
rPois    .         Spirit   .   (no helmet)
rElec    .         Reflect  .   (no cloak)
rCorr    .         Harm     .   (no gloves)
MR       .....                  (no boots)
Stlth    ++........             (no amulet)
HPRegen  1.12/turn              (no ring)
MPRegen  0.12/turn              (no ring)

@: lethally poisoned (0 -> -4), shrouded, regenerating, hasted, very quick
A: distributed training, fangs 1, strong nose
a: no special abilities


You were on level 2 of the Dungeon.
You were hungry.

You visited 1 branch of the dungeon, and saw 2 of its levels.

You collected 51 gold pieces.

Inventory:

Hand Weapons
 a - a +1 falchion (weapon)
 g - a +0 spear
 j - a +0 dagger
 m - a +0 hunting sling
Missiles
 h - 20 stones (quivered)
Armour
 b - a +0 leather armour (worn)
 k - a +0 ring mail
Wands
 p - a wand of digging (6)
Scrolls
 i - 2 scrolls of enchant weapon
 l - a scroll of magic mapping {unknown}
 o - a scroll of amnesia {unknown}
Comestibles
 d - 2 rations


   Skills:
 + Level 4.6 Fighting
 + Level 1.0 Short Blades
 + Level 4.6 Long Blades
 + Level 1.0 Axes
 + Level 1.0 Maces & Flails
 + Level 1.0 Polearms
 + Level 1.0 Staves
 + Level 1.0 Slings
 + Level 1.0 Bows
 + Level 1.0 Crossbows
 + Level 1.0 Throwing
 + Level 2.6 Armour
 + Level 4.6 Dodging
 + Level 1.0 Stealth
 + Level 1.0 Shields
 + Level 1.0 Unarmed Combat
 + Level 5.0 Spellcasting
 + Level 0.7 Conjurations
 + Level 0.7 Hexes
 + Level 5.4 Charms
 + Level 0.7 Summonings
 + Level 0.7 Necromancy
 + Level 0.7 Translocations
 + Level 0.7 Transmutations
 + Level 0.7 Fire Magic
 + Level 0.7 Ice Magic
 + Level 0.7 Air Magic
 + Level 0.7 Earth Magic
 + Level 0.7 Poison Magic
 + Level 1.0 Invocations
 + Level 1.0 Evocations


You had 2 spell levels left.
You knew the following spells:

 Your Spells              Type           Power        Failure   Level  Hunger
a - Infusion              Chrm           ###.         2%          1    None
b - Song of Slaying       Chrm           ###.....     3%          2    ##.....
c - Shroud of Golubria    Chrm/Tloc      ##........   9%          2    ##.....
d - Regeneration          Chrm/Necr      ##........   17%         3    ###....
e - Spectral Weapon       Hex/Chrm       ##......     17%         3    ###....

Your spell library contained the following spells:

 Spells                   Type           Power        Failure   Level  Hunger


Dungeon Overview and Level Annotations

Branches:
Dungeon (2/15)

Altars:
Yredelemnul

Annotations:
D:2 Terence


Innate Abilities, Weirdness & Mutations

Your experience applies equally to all skills.
You have very sharp teeth.
Your uncanny sense of smell can sniff out nearby items.


Message History

Confirm with . or Enter, or press ? or * to list all spells.
Space distorts slightly along a thin shroud covering your body.
You feel sick. Terence hits you but does no damage.
You are more poisoned.
Casting: Shroud of Golubria (safe; 9% risk of failure)
Confirm with . or Enter, or press ? or * to list all spells.
Your skin crawls.
You feel sick. Terence hits you but does no damage.
You are more poisoned.
Okay, then.
There isn't anything here!
Okay, then.
You hit Terence. Your bite misses Terence.
Terence is moderately wounded.
* * * LOW HITPOINT WARNING * * *
You feel very sick.
Terence hits you with a +3 short sword of venom.
* * * LOW HITPOINT WARNING * * *
Unknown command.
You feel yourself speed up.
You die...

##.........#####..#
######..####.....#####.##
........###..##...#......
.<.............<....##.#
#.....#...######.......#
#.....#..#######.........
.........................
................@........
.......####.....@........
.........................
.........................
.......#.##...)<.........
.......#.##.............
........................
...................###..
#### ....>........... ..
...###............


You could see Terence.

Vanquished Creatures
  A gnoll (D:1)
  An ooze (D:2)
  A leopard gecko (D:1)
  6 bats
  2 giant cockroaches (D:1)
  2 gnoll zombies (D:2)
  5 goblins
  4 hobgoblins
  6 jackals
  4 frilled lizards
  2 kobolds (D:1)
  4 rats (D:1)
38 creatures vanquished.

Notes
Turn   | Place    | Note
-------+----------+-------------------------------------------
     0 | D:1      | Leeroy the Gnoll Skald began the quest for the Orb.
     0 | D:1      | Reached XP level 1. HP: 20/20 MP: 6/6
    76 | D:1      | Reached XP level 2. HP: 24/26 MP: 7/7
    81 | D:1      | Learned a level 2 spell: Song of Slaying
    84 | D:1      | Learned a level 2 spell: Shroud of Golubria
   164 | D:1      | Reached XP level 3. HP: 25/31 MP: 9/9
   266 | D:1      | Reached skill level 5 in Spellcasting
   422 | D:1      | Reached skill level 1 in Invocations
   734 | D:2      | Reached skill level 1 in Short Blades
   734 | D:2      | Reached skill level 1 in Axes
   734 | D:2      | Reached skill level 1 in Maces & Flails
   734 | D:2      | Reached skill level 1 in Polearms
   734 | D:2      | Reached skill level 1 in Staves
   734 | D:2      | Reached skill level 1 in Slings
   734 | D:2      | Reached skill level 1 in Bows
   734 | D:2      | Reached skill level 1 in Crossbows
   734 | D:2      | Reached skill level 1 in Throwing
   734 | D:2      | Reached skill level 1 in Stealth
   734 | D:2      | Reached skill level 1 in Shields
   734 | D:2      | Reached skill level 1 in Unarmed Combat
   734 | D:2      | Reached skill level 1 in Evocations
   738 | D:2      | Found a basalt altar of Yredelemnul.
   797 | D:2      | Noticed Terence
   799 | D:2      | Reached XP level 4. HP: 25/38 MP: 11/11
   844 | D:1      | Learned a level 3 spell: Regeneration
   928 | D:1      | Learned a level 3 spell: Spectral Weapon
   952 | D:2      | HP: 1/38 [Terence/+3 short sword of venom (4)]
   953 | D:2      | Succumbed to Terence's poison

Vault maps used:
D:1:      mushboom_english_gardens, serial_rivers,
          chequers_serial_rivers_small_a, chequers_serial_rivers_micro_c,
          chequers_serial_rivers_small_3, chequers_serial_rivers_room_a,
          chequers_serial_rivers_micro_e, st_stairs_3
D:2:      lemuel_zombie_altar_yredelemnul, minmay_cupped, uniq_terence

Skill      XL: |  1  2  3 |
---------------+----------+-----
Spellcasting   | 5 |  5.0
Invocations    | 1 |  1.0
Short Blades   | 1 |  1.0
Axes           | 1 |  1.0
Maces & Flails | 1 |  1.0
Polearms       | 1 |  1.0
Staves         | 1 |  1.0
Slings         | 1 |  1.0
Bows           | 1 |  1.0
Crossbows      | 1 |  1.0
Throwing       | 1 |  1.0
Stealth        | 1 |  1.0
Shields        | 1 |  1.0
Unarmed Combat | 1 |  1.0
Evocations     | 1 |  1.0
Fighting       | |  4.6
Long Blades    | |  4.6
Armour         | |  2.6
Dodging        | |  4.6
Conjurations   | |  0.7
Hexes          | |  0.7
Charms         | |  5.4
Summonings     | |  0.7
Necromancy     | |  0.7
Translocations | |  0.7
Transmutations | |  0.7
Fire Magic     | |  0.7
Ice Magic      | |  0.7
Air Magic      | |  0.7
Earth Magic    | |  0.7
Poison Magic   | |  0.7

Action                   |  1- 3 |  4- 6 || total
-------------------------+-------+-------++-------
Melee: Falchion          |    95 |     1 ||    96
       Bite              |     7 |       ||     7
       Dagger            |     1 |       ||     1
 Cast: Shroud of Golubri |     1 |     1 ||     2
       Song of Slaying   |     1 |       ||     1
       Regeneration      |       |     3 ||     3
  Use: Scroll            |     1 |       ||     1
       Potion            |       |     4 ||     4
 Stab: Sleeping          |     1 |       ||     1
Armor: Leather armour    |    29 |     1 ||    30
Dodge: Dodged            |   102 |     1 ||   103
       Rpst.: Falchion   |    30 |     1 ||    31

Table legend:
 A = Non-vault XP
 B = Vault XP
 C = Vault XP percentage of total XP
 D = Non-vault monster count
 E = Vault monster count
 F = Vault count percentage of total count
                 A         B        C        D         E       F
            +---------+---------+-------+---------+---------+-------
      Total |      74 |       8 |   9.8 |      33 |       5 |  13.2
            +---------+---------+-------+---------+---------+-------
        D:1 |      56 |       5 |   8.2 |      26 |       3 |  10.3
        D:2 |      18 |       3 |  14.3 |       7 |       2 |  22.2
            +---------+---------+-------+---------+---------+-------
